 Dungeon Crawl Stone Soup version 0.22.1-6-g1668fe2 (webtiles) character file.

98 Fang the Chopper (level 4, -3/29 HPs)
             Began as a Gargoyle Berserker on Jan 31, 2019.
             Was a Follower of Trog.
             Slain by Sigmund
             ... wielding a +0 scythe
              (6 damage)
             ... on level 3 of the Dungeon.
             The game lasted 00:05:08 (1873 turns).

Fang the Chopper (Gargoyle Berserker)               Turns: 1873, Time: 00:05:09

Health: -3/29      AC: 12    Str: 21    XL:     4   Next: 69%
Magic:  4/4        EV:  8    Int:  8    God:    Trog [*.....]
Gold:   111        SH:  0    Dex:  9    Spells: 3/3 levels left

rFire    . . .     SeeInvis .   a - +0 hand axe
rCold    . . .     Gourm    .   (no shield)
rNeg     + . .     Faith    .   e - +0 chain mail
rPois    ∞         Spirit   .   (no helmet)
rElec    +         Reflect  .   (no cloak)
rCorr    .         Harm     .   (no gloves)
MR       .....                  (no boots)
Stlth    ..........             j - amulet of inaccuracy (curse)
HPRegen  0.09/turn              (no ring)
MPRegen  0.09/turn              (no ring)

@: berserk cooldown, slowed, very slow
A: negative energy resistance 1, electricity resistance, unbreathing,
petrification resistance, rot immunity, AC +3
a: Berserk, Renounce Religion


You were on level 3 of the Dungeon.
You worshipped Trog.
Trog was aware of your devotion.
You were very hungry.

You visited 1 branch of the dungeon, and saw 3 of its levels.

You collected 111 gold pieces.

Inventory:

Hand Weapons
 a - a +0 hand axe (weapon)
Armour
 e - a +0 chain mail (worn)
Jewellery
 j - a cursed amulet of inaccuracy (around neck)
Wands
 i - a wand of disintegration (15)
Scrolls
 b - a scroll of enchant weapon {unknown}
 f - a scroll of teleportation {unknown}
 m - a scroll of identify {unknown}
Potions
 d - 2 potions of heal wounds {unknown}
 g - 2 potions of curing {unknown}
 h - 3 potions of flight {unknown}
 l - a potion of resistance {unknown}
Comestibles
 c - 5 rations


   Skills:
 + Level 3.8 Fighting
 + Level 3.9 Axes
 + Level 2.9 Armour
 + Level 2.0 Dodging


You had 3 spell levels left.
You didn't know any spells.
Your spell library was empty.

Dungeon Overview and Level Annotations

Branches:
Dungeon (3/15)

Altars:
Zin

Annotations:
D:3 Sigmund


Innate Abilities, Weirdness & Mutations

You are resistant to torment.
Your stone body is resilient. (AC +3)
You are immune to poison.
You resist negative energy. (rN+)
You are resistant to electric shocks. (rElec)
You can survive without breathing.
You are immune to petrification.
You are immune to rotting.


Message History

You hear a splashing noise.
Unknown command.
Sigmund appears from thin air!
Reactivating autopickup.
Sigmund hits you with a scythe.
* * * LOW HITPOINT WARNING * * *
The leopard gecko closely misses you. The adder bites you but does no damage.
The leopard gecko splashes around in the water.
Your unstable footing causes you to fumble your attack.
Sigmund splashes around in the water.
The adder bites you but does no damage. The leopard gecko barely misses you.
The adder bites you but does no damage.
Sigmund splashes around in the water.
The leopard gecko barely misses you.
Unknown command.
You're too confused to move!
You feel less confused. The adder completely misses you.
The leopard gecko closely misses you. The adder bites you.
* * * LOW HITPOINT WARNING * * *
Sigmund hits you with a scythe.
You die...

# # ###.## ##≈≈P.≈♣
.....♣#.. .≈≈≈.≈♣♣##
..#.≈P♣.... .♣≈P.≈♣≈.#
#..≈≈≈≈♣♣≈. ♣≈≈≈.≈≈≈.
##♣PP≈≈≈≈♣ ♣≈≈≈%≈≈♣
#.P≈≈PP≈≈♣ ♣≈≈≈.P≈♣
..♣≈P≈≈≈≈♣♣♣ ♣♣≈≈P.≈≈♣ ##
..≈≈≈≈≈≈≈≈≈♣♣♣≈≈@S.≈♣♣...
..P≈≈≈≈≈≈≈P≈≈P≈≈l@.P≈..#
..†≈≈≈≈≈≈≈≈≈≈≈≈≈≈†)≈.###
.......††.........)...#
#..≈≈≈≈≈†≈≈≈≈≈≈≈≈≈.......
###≈P≈≈PP≈≈≈≈≈≈≈≈≈≈≈....#
# ##≈≈≈≈≈≈≈≈≈≈≈PP≈P≈....#
.....≈♣≈≈≈≈≈≈≈≈≈≈P♣.....#
##..<.♣♣♣P≈≈≈≈≈≈≈≈(.....#


You could see Sigmund, an adder and a leopard gecko.

Vanquished Creatures
  2 adders
  An ooze (D:3)
  3 worms (D:2)
  4 dart slugs
  2 leopard geckos
  2 orcs (D:3)
  4 giant cockroaches
  5 goblins
  4 hobgoblins
  8 jackals
  3 quokkas
  A ball python (D:3)
  4 bats
  2 frilled lizards (D:1)
  3 kobolds (D:1)
  5 rats (D:1)
53 creatures vanquished.

Notes
Turn   | Place    | Note
-------+----------+-------------------------------------------
     0 | D:1      | Fang the Gargoyle Berserker began the quest for the Orb.
     0 | D:1      | Reached XP level 1. HP: 14/14 MP: 1/1
    86 | D:1      | Reached XP level 2. HP: 14/19 MP: 2/2
   447 | D:1      | You fall through a shaft!
   503 | D:2      | Reached XP level 3. HP: 15/24 MP: 3/3
   619 | D:2      | Reached ** piety under Trog
   927 | D:2      | Found a glowing silver altar of Zin.
   927 | D:2      | Noticed an angel
   965 | D:1      | Reached XP level 4. HP: 29/29 MP: 4/4
  1775 | D:3      | Noticed Sigmund
  1873 | D:3      | Slain by Sigmund

Skill      XL: |  1  2  3 |
---------------+----------+-----
Axes           | 3 |  3.9
Dodging        | 2 |  2.0
Fighting       | |  3.8
Armour         | |  2.9

Action                   |  1- 3 |  4- 6 || total
-------------------------+-------+-------++-------
Melee: Hand axe          |   135 |    77 ||   212
Invok: Berserk           |       |     1 ||     1
  Eat: Chunk             |       |     3 ||     3
Armor: Animal skin       |    16 |       ||    16
       Chain mail        |    61 |   102 ||   163
Dodge: Dodged            |    63 |    62 ||   125
